 Dungeon Crawl Stone Soup version 0.19-a0-526-gbe2e51c (webtiles) character file.

7 ololoev the Firebug (level 1, -4/10 HPs)
             Began as a Deep Elf Fire Elementalist on June 7, 2016.
             Slain by a phantom (8 damage)
             ... on level 4 of the Dungeon.
             The game lasted 00:01:50 (165 turns).

ololoev the Firebug (Deep Elf Fire Elementalist)     Turns: 165, Time: 00:01:51

Health: -4/10      AC:  2    Str:  5    XL:     1   Next: 83%
Magic:  1/6        EV: 13    Int: 19    God:
Gold:   12         SH:  0    Dex: 15    Spells: 1 memorised, 5 levels left

rFire  . . .     SeeInvis .     (no weapon)
rCold  . . .     Gourm    .     a - +0 robe
rNeg   . . .     Faith    .     (no shield)
rPois  .         Spirit   .     (no helmet)
rElec  .         Dismiss  .     (no cloak)
rCorr  .         Reflect  .     (no gloves)
SustAt .         Harm     .     (no boots)
MR     .....                    (no amulet)
Stlth  ++........               (no ring)
                                (no ring)

@: very slightly contaminated, not resistant to hostile enchantments, unstealthy
A: no striking features
a: no special abilities

Inventory:

Armour
 a - a +0 robe (worn)
Wands
 e - a wand of lightning (0/15)
Scrolls
 d - a scroll of remove curse {unknown}
Books
 b - a book of Flames

   Spells                             Type                      Level
   a - Flame Tongue                   Conjuration/Fire             1
   b - Throw Flame                    Conjuration/Fire             2
   c - Conjure Flame                  Conjuration/Fire             3
   d - Inner Flame                    Hexes/Fire                   3
   e - Sticky Flame                   Conjuration/Fire             4
   f - Fireball                       Conjuration/Fire             5
Comestibles
 c - a bread ration
 f - a beef jerky
 g - a meat ration


   Skills:
 - Level 2.4 Dodging
 - Level 2.4 Stealth
 + Level 3.1 Spellcasting
 * Level 1.7 Conjurations
 + Level 3.4 Fire Magic


You had 5 spell levels left.
You knew the following spells:

 Your Spells              Type           Power        Failure   Level  Hunger
a - Flame Tongue          Conj/Fire      ##...        8%          1    None


You were on level 4 of the Dungeon.
You were not hungry.

You visited 1 branch of the dungeon, and saw 4 of its levels.

You collected 12 gold pieces.

### ###.##
###..W.# #....@.#
. ##Z...### ..
###..#### ...
###.<### ..
##...##
#.#..#######
###....#.#...##
#.......#.....##
................#

Notes
Turn   | Place    | Note
--------------------------------------------------------------
     0 | D:1      | ololoev the Deep Elf Fire Elementalist began the quest for the Orb.
     0 | D:1      | Reached XP level 1. HP: 10/10 MP: 6/6
   135 | D:4      | Noticed a phantom
   165 | D:4      | Slain by a phantom

Dungeon Overview and Level Annotations

Branches:
Dungeon (4/15)
 Temple: D:4-7

Altars:


Message History

You see here a spear.
You open the door.
Found a stone staircase leading down.
There is an open door here.
There is a stone staircase leading down here.
You climb downwards.
There is a stone staircase leading up here.
There is a stone staircase leading up here.
A phantom comes into view.
Evoke which item? (* to show all) (? for menu, Esc to quit)
Okay, then.
Casting: Flame Tongue
Confirm with . or Enter, or press ? or * to list all spells.
Aiming: Flame Tongue
Press: ? - help, Shift-Dir - straight line, f - phantom
Aim: a phantom The flame tongue misses the phantom.
Casting: Flame Tongue
Confirm with . or Enter, or press ? or * to list all spells.
Aiming: Flame Tongue
Press: ? - help, Shift-Dir - straight line, f/p - phantom
Aim: a phantom The flame tongue misses the phantom.
Evoke which item? (* to show all) (? for menu, Esc to quit)
Zapping:
e - a wand of lightning (will waste charges)
Press: ? - help, Shift-Dir - straight line, p - phantom You hear a mighty clap of thunder!
The bolt of lightning hits the phantom.
The phantom is lightly damaged.
The bolt of lightning misses the phantom.
Evoking this partially-identified wand wasted a few charges.
The phantom hits you.
Ouch! That really hurt!
The phantom blinks!
Unknown command.
Casting: Flame Tongue
Confirm with . or Enter, or press ? or * to list all spells.
Aiming: Flame Tongue
Press: ? - help, Shift-Dir - straight line, f - phantom
Aim: a phantom (lightly damaged)
The flame tongue hits the phantom.
The phantom appears unharmed.
The phantom is lightly damaged.
Casting: Flame Tongue
Confirm with . or Enter, or press ? or * to list all spells.
Aiming: Flame Tongue
Press: ? - help, Shift-Dir - straight line, f/p - phantom
Aim: a phantom (lightly damaged)
The flame tongue hits the phantom.
The phantom is heavily damaged.
Evoke which item? (* to show all) (? for menu, Esc to quit)
Zapping:
e - a wand of lightning {zapped: 2} (will waste charges)
Press: ? - help, Shift-Dir - straight line, p - phantom Nothing appears to happen.
The phantom barely misses you.
There is a stone staircase leading up here.
Casting: Flame Tongue
Confirm with . or Enter, or press ? or * to list all spells.
Aiming: Flame Tongue
Press: ? - help, Shift-Dir - straight line, f - phantom
Aim: a phantom (moderately damaged)
The flame tongue hits the phantom.
The phantom appears unharmed.
The phantom is moderately damaged.
The phantom hits you.
The phantom blinks!
Casting: Flame Tongue
Confirm with . or Enter, or press ? or * to list all spells.
Aiming: Flame Tongue
Press: ? - help, Shift-Dir - straight line, f/p - phantom
Aim: a phantom (moderately damaged)
The flame tongue misses the phantom.
Casting: Flame Tongue
Confirm with . or Enter, or press ? or * to list all spells.
Aiming: Flame Tongue
Press: ? - help, Shift-Dir - straight line, f/p - phantom
Aim: a phantom (moderately damaged)
You miscast Flame Tongue.
You are very lightly contaminated with residual magic.
Nothing appears to happen.
An adder skeleton comes into view.
The phantom hits you!
Ouch! That really hurt!
You die...

You could see a phantom and an adder skeleton.

Vanquished Creatures
  An ooze (D:2)
  A hobgoblin (D:1)
  A kobold (D:2)
3 creatures vanquished.

Action                   || total
-------------------------++-------
 Cast: Flame Tongue      ||    11
Evoke: Wand              ||     1
Dodge: Dodged            ||     1

Vault maps used:
D:1:      scummos_arrival_simple_fountains
D:2:      old_standard_altar
D:3:      gammafunk_temple_overflow_elements, serial_corexii_hall,
          corexii_hall_statues_t, corexii_hall_statues_u,
          corexii_hall_statues_t, corexii_hall_statues_x
D:4:      lemuel_crystal_altar, serial_shops, shop, kennysheep_decorative_pillar
